 Dungeon Crawl Stone Soup version 0.21.1-1-g345015f (webtiles) character file.

3642 sking99 the Thaumaturge (level 10, -4/72 (73) HPs)
             Began as a Gnoll Wizard on June 17, 2018.
             Was an Initiate of Ashenzari.
             Slain by Supahsalami's ghost (13 damage)
             ... on level 8 of the Dungeon on June 19, 2018.
             The game lasted 01:32:00 (9864 turns).

sking99 the Thaumaturge (Gnoll Wizard)              Turns: 9864, Time: 01:32:01

HP:   -4/72 (73)    AC:  8    Str: 10    XL:     10   Next: 12%
MP:   19/22         EV: 19    Int: 23    God:    Ashenzari [......]
Gold: 317           SH:  9    Dex: 14    Spells: 13/26 levels left

rFire    + . .     SeeInvis .   x - +10 morningstar of Reinforcement {crush, *Slow +Rage rF+}
rCold    . . .     Gourm    +   m - +0 shield
rNeg     . . .     Faith    .   a - +0 robe
rPois    .         Spirit   .   E - +0 helmet
rElec    .         Reflect  .   t - +2 cloak
rCorr    .         Harm     .   p - +0 pair of gloves
MR       .....                  (no boots)
Stlth    ++++......             w - amulet of the gourmand (curse)
HPRegen  0.22/turn              n - +5 ring of evasion (curse)
MPRegen  0.18/turn              q - ring of stealth (curse)

@: no status effects
A: distributed training, fangs 1, strong nose
a: Curse Item, Renounce Religion, Evoke Berserk Rage


You were on level 8 of the Dungeon.
You worshipped Ashenzari.
Ashenzari was noncommittal.
You were completely stuffed.

You visited 2 branches of the dungeon, and saw 9 of its levels.

You collected 317 gold pieces.

Inventory:

Hand Weapons
 x - the +10 morningstar of Reinforcement (weapon) {crush, *Slow +Rage rF+}
   (You found it on level 6 of the Dungeon)

   It inflicts extra damage upon your enemies.
   It protects you from fire.
   It lets you go berserk.
   It may slow you when you take damage.
 D - the +3 falchion "Sise" {holy, rElec Str+5}
   (You found it on level 7 of the Dungeon)

   It has been blessed by the Shining One to cause great damage to the undead
   and demons.
   It affects your strength (+5).
   It insulates you from electricity.
Armour
 a - a +0 robe (worn)
 m - a +0 shield (worn)
 p - a +0 pair of gloves (worn)
 t - a +2 cloak (worn)
 z - the +2 ring mail of Ziunom {rPois rCorr}
   (You found it on level 7 of the Dungeon)

   It protects you from poison.
   It protects you from acid and corrosion.
 E - a +0 helmet (worn)
Jewellery
 b - an uncursed amulet of rage
 n - a cursed +5 ring of evasion (left hand)
 q - a cursed ring of stealth (right hand)
 w - a cursed amulet of the gourmand (around neck)
 A - an uncursed amulet of faith
Wands
 v - a wand of flame (27)
 F - a wand of digging (12)
Scrolls
 h - 2 scrolls of fog
 j - 5 scrolls of teleportation
 C - a scroll of blinking
 G - a scroll of immolation {unknown}
Potions
 e - a potion of lignification {unknown}
 f - a potion of magic {unknown}
 g - 2 potions of ambrosia
 i - 4 potions of agility
 k - 3 potions of curing
 l - 2 potions of might
 o - a potion of heal wounds {unknown}
 s - 3 potions of flight {unknown}
 u - a potion of brilliance {unknown}
Books
 c - a book of Minor Magic

   Spells                             Type                      Level
   a - Magic Dart                     Conjuration                  1
   b - Blink                          Translocation                2
   c - Call Imp                       Summoning                    2
   d - Slow                           Hexes                        2
   e - Conjure Flame                  Conjuration/Fire             3
   f - Mephitic Cloud                 Conjuration/Poison/Air       3
Comestibles
 d - 21 rations
 r - 3 chunks of flesh


   Skills:
 + Level 4.9 Fighting
 + Level 4.9 Short Blades
 + Level 4.9 Long Blades
 + Level 4.9 Axes
 + Level 4.9 Maces & Flails
 + Level 4.9 Polearms
 + Level 4.9 Staves
 + Level 4.9 Slings
 + Level 4.9 Bows
 + Level 4.9 Crossbows
 + Level 4.9 Throwing
 + Level 4.9 Armour
 + Level 6.7 Dodging
 + Level 6.5 Stealth
 + Level 4.9 Shields
 + Level 4.9 Unarmed Combat
 + Level 8.7 Spellcasting
 + Level 4.6 Conjurations
 + Level 4.0 Hexes
 + Level 4.0 Charms
 + Level 4.6 Summonings
 + Level 4.0 Necromancy
 + Level 4.6 Translocations
 + Level 4.0 Transmutations
 + Level 4.0 Fire Magic
 + Level 4.0 Ice Magic
 + Level 4.0 Air Magic
 + Level 4.0 Earth Magic
 + Level 4.0 Poison Magic
 + Level 5.3 Invocations
 + Level 4.9 Evocations


You had 13 spell levels left.
You knew the following spells:

 Your Spells              Type           Power        Failure   Level  Hunger
a - Magic Dart            Conj           ####         3%          1    None
b - Blink                 Tloc           N/A          5%          2    None
c - Call Imp              Summ           ####....     5%          2    None
d - Slow                  Hex            ####....     7%          2    None
e - Conjure Flame         Conj/Fire      ####....     12%         3    None
f - Mephitic Cloud        Conj/Pois/Air  ####....     12%         3    None


Dungeon Overview and Level Annotations

Branches:
Dungeon (8/15)             Temple (1/1) D:7
   Lair: D:8-11

Altars:
Ashenzari
Cheibriados
Dithmenos
Elyvilon
Fedhas
Gozag
Hepliaklqana
Kikubaaqudgha
Makhleb
Nemelex Xobeh
Okawaru
Qazlal
Ru
Sif Muna
Trog
Uskayaw
Vehumet
Wu Jian
Xom
Yredelemnul
Zin
The Shining One

Annotations:
D:8 Supahsalami's ghost, novice DDFi


Innate Abilities, Weirdness & Mutations

Your experience applies equally to all skills.
You have very sharp teeth.
Your uncanny sense of smell can sniff out nearby items.


Message History

Supahsalami's ghost hits you. Supahsalami's ghost hits you!
You sock Supahsalami's ghost!
Supahsalami's ghost is heavily damaged.
Supahsalami's ghost hits you!
You hit Supahsalami's ghost but do no damage.
Supahsalami's ghost is heavily damaged.
Supahsalami's ghost hits you!
You impale Supahsalami's ghost!!
Supahsalami's ghost is almost destroyed.
You block Supahsalami's ghost's attack. Supahsalami's ghost barely misses you.
You sock Supahsalami's ghost!
Supahsalami's ghost is almost destroyed.
Supahsalami's ghost hits you!
* * * LOW HITPOINT WARNING * * *
You closely miss Supahsalami's ghost.
Supahsalami's ghost is almost destroyed.
Supahsalami's ghost hits you.
* * * LOW HITPOINT WARNING * * *
Supahsalami's ghost hits you!
You die...

.... ....
#.#.#...
......##
#......#
#......#
#......#
###..W...#
#....@#
#.#.#.#######...
#...............
#.#.....######..
#.##....######..
#...............
#...
####....########
#... ........#
#...
####....####
#...


You could see Supahsalami's ghost.

Vanquished Creatures
  A two-headed ogre (D:8)
  A spriggan (D:7)
  A hungry ghost (D:8)
  Menkaure (D:6)
  Duvessa (D:7)
  An orc warrior (D:6)
  A sky beast (D:4)
  An ice beast (D:8)
  A phantom (D:4)
  2 ogres
  2 necrophages
  A centaur (D:8)
  4 bullfrogs
  Dowan (D:7)
  5 scorpions
  4 howler monkeys
  3 crimson imps
  A bullfrog skeleton (D:6)
  4 orc priests
  A jelly (D:7)
  Crazy Yiuf (D:6)
  A hound (D:5)
  4 centaur skeletons
  A gnoll shaman (D:7)
  3 orc wizards
  3 worker ants
  A hound skeleton (D:6)
  9 gnolls
  11 adders
  A shadow imp (D:5)
  2 oozes
  2 adder zombies
  An adder skeleton (D:5)
  5 worms
  5 leopard geckos
  17 orcs
  A ball python (D:3)
  3 bats
  4 giant cockroaches
  4 goblins
  4 hobgoblins
  5 quokkas
  5 frilled lizards
  2 giant cockroach zombies
  5 kobolds
  2 leopard gecko skeletons
  A leopard gecko zombie (D:6)
  A quokka skeleton (D:7)
  11 rats
152 creatures vanquished.

Vanquished Creatures (collateral kills)
  An orc warrior (D:6)
  A big kobold (D:6)
  A crimson imp (D:6)
  3 gnolls (D:3)
  A howler monkey skeleton (D:6)
7 creatures vanquished.

Grand Total: 159 creatures vanquished

Notes
Turn   | Place    | Note
-------+----------+-------------------------------------------
     0 | D:1      | sking99 the Gnoll Wizard began the quest for the Orb.
     0 | D:1      | Reached XP level 1. HP: 13/13 MP: 8/8
   476 | D:1      | Reached XP level 2. HP: 19/19 MP: 7/10
   982 | D:2      | Reached XP level 3. HP: 25/25 MP: 7/11
  1017 | D:2      | Learned a level 2 spell: Blink
  1020 | D:2      | Learned a level 2 spell: Call Imp
  1023 | D:2      | Learned a level 2 spell: Slow
  1027 | D:2      | Learned a level 3 spell: Conjure Flame
  1031 | D:2      | Learned a level 3 spell: Mephitic Cloud
  1124 | D:2      | Reached skill level 1 in Invocations
  1226 | D:2      | Reached skill level 1 in Fighting
  1226 | D:2      | Reached skill level 1 in Short Blades
  1226 | D:2      | Reached skill level 1 in Long Blades
  1226 | D:2      | Reached skill level 1 in Axes
  1226 | D:2      | Reached skill level 1 in Maces & Flails
  1226 | D:2      | Reached skill level 1 in Polearms
  1226 | D:2      | Reached skill level 1 in Staves
  1226 | D:2      | Reached skill level 1 in Slings
  1226 | D:2      | Reached skill level 1 in Bows
  1226 | D:2      | Reached skill level 1 in Crossbows
  1226 | D:2      | Reached skill level 1 in Throwing
  1226 | D:2      | Reached skill level 1 in Armour
  1226 | D:2      | Reached skill level 1 in Shields
  1226 | D:2      | Reached skill level 1 in Unarmed Combat
  1226 | D:2      | Reached skill level 1 in Evocations
  1226 | D:2      | Reached XP level 4. HP: 32/32 MP: 9/13
  2343 | D:2      | Reached skill level 1 in Hexes
  2343 | D:2      | Reached skill level 1 in Charms
  2343 | D:2      | Reached skill level 1 in Necromancy
  2343 | D:2      | Reached skill level 1 in Transmutations
  2343 | D:2      | Reached skill level 1 in Fire Magic
  2343 | D:2      | Reached skill level 1 in Ice Magic
  2343 | D:2      | Reached skill level 1 in Air Magic
  2343 | D:2      | Reached skill level 1 in Earth Magic
  2343 | D:2      | Reached skill level 1 in Poison Magic
  2446 | D:3      | Reached XP level 5. HP: 8/37 MP: 4/14
  3015 | D:3      | Found a blossoming altar of Fedhas.
  3839 | D:3      | Reached XP level 6. HP: 30/44 MP: 9/16
  4215 | D:4      | Noticed a phantom
  4221 | D:4      | Found an iron altar of Okawaru.
  4234 | D:4      | Killed a phantom
  4234 | D:4      | Reached skill level 5 in Dodging
  4778 | D:4      | Reached XP level 7. HP: 50/50 MP: 10/18
  4944 | D:5      | Entered Level 5 of the Dungeon
  5446 | D:5      | Reached skill level 5 in Stealth
  5651 | D:5      | Found a shimmering altar of Xom.
  5712 | D:5      | Found an ornate altar of the Wu Jian Council.
  5849 | D:4      | Reached XP level 8. HP: 14/57 MP: 9/19
  7346 | D:6      | Reached skill level 8 in Spellcasting
  7499 | D:6      | Noticed Menkaure
  7833 | D:6      | Got a transparent morningstar
  7837 | D:6      | Found the +11 plutonium sword {*Contam Stlth-}
  7889 | D:6      | Reached XP level 9. HP: 54/64 MP: 13/21
  7960 | D:6      | Killed Menkaure
  8154 | D:6      | Found a runed door.
  8328 | D:6      | Noticed Crazy Yiuf
  8334 | D:6      | Killed Crazy Yiuf
  8344 | D:6      | Identified the +10 morningstar of Reinforcement {crush, *Slow +Rage rF+} (You found it on level 6 of the Dungeon)
  8417 | D:7      | Got a slimy ring mail
  8445 | D:7      | Noticed Duvessa
  8459 | D:7      | Noticed Dowan
  8465 | D:7      | Killed Duvessa
  8467 | D:7      | Killed Dowan
  8572 | D:7      | Got an ichor-stained falchion
  8573 | D:7      | Identified the +3 falchion "Sise" {holy, rElec Str+5} (You found it on level 7 of the Dungeon)
  8799 | D:7      | Found a staircase to the Ecumenical Temple.
  9108 | Temple   | Entered the Ecumenical Temple
  9274 | Temple   | Became a worshipper of Ashenzari the Shackled
  9399 | D:7      | Identified the +2 ring mail of Ziunom {rPois rCorr} (You found it on level 7 of the Dungeon)
  9665 | D:8      | Found an opulent altar of Gozag.
  9731 | D:8      | Noticed a two-headed ogre
  9735 | D:8      | Killed a two-headed ogre
  9735 | D:8      | Reached skill level 5 in Invocations
  9735 | D:8      | Reached XP level 10. HP: 66/72 MP: 22/22
  9848 | D:8      | Noticed Supahsalami's ghost (novice DDFi)
  9864 | D:8      | Slain by Supahsalami's ghost

Skill      XL: |  1  2  3  4  5  6  7  8  9 |
---------------+----------------------------+-----
Conjurations   | 2 3 4 |  4.6
Summonings     | 2 3 4 |  4.6
Translocations | 2 3 4 |  4.6
Invocations    | 1 2 3 4 5 |  5.3
Fighting       | 1 2 3 4 |  4.9
Short Blades   | 1 2 3 4 |  4.9
Long Blades    | 1 2 3 4 |  4.9
Axes           | 1 2 3 4 |  4.9
Maces & Flails | 1 2 3 4 |  4.9
Polearms       | 1 2 3 4 |  4.9
Staves         | 1 2 3 4 |  4.9
Slings         | 1 2 3 4 |  4.9
Bows           | 1 2 3 4 |  4.9
Crossbows      | 1 2 3 4 |  4.9
Throwing       | 1 2 3 4 |  4.9
Armour         | 1 2 3 4 |  4.9
Shields        | 1 2 3 4 |  4.9
Unarmed Combat | 1 2 3 4 |  4.9
Evocations     | 1 2 3 4 |  4.9
Hexes          | 1 2 3 4 |  4.0
Charms         | 1 2 3 4 |  4.0
Necromancy     | 1 2 3 4 |  4.0
Transmutations | 1 2 3 4 |  4.0
Fire Magic     | 1 2 3 4 |  4.0
Ice Magic      | 1 2 3 4 |  4.0
Air Magic      | 1 2 3 4 |  4.0
Earth Magic    | 1 2 3 4 |  4.0
Poison Magic   | 1 2 3 4 |  4.0
Dodging        | 5 6 |  6.7
Stealth        | 5 6 |  6.5
Spellcasting   | 8 |  8.7

Action                   |  1- 3 |  4- 6 |  7- 9 | 10-12 || total
-------------------------+-------+-------+-------+-------++-------
Melee: Dagger            |     5 |    61 |    69 |       ||   135
       Bite              |       |     7 |     5 |       ||    12
       Punch             |       |     1 |     2 |       ||     3
       Morningstar       |       |       |    38 |    19 ||    57
 Cast: Magic Dart        |    49 |   176 |   322 |    12 ||   559
       Mephitic Cloud    |       |     8 |     8 |       ||    16
       Blink             |       |     3 |       |       ||     3
       Conjure Flame     |       |     3 |     4 |       ||     7
       Call Imp          |       |     2 |     4 |       ||     6
Invok: Curse Item        |       |       |     3 |       ||     3
 Abil: Evoke Berserk Rag |       |       |     1 |       ||     1
  Use: Scroll            |       |    11 |     4 |       ||    15
 Stab: Confused          |       |     1 |     2 |       ||     3
       Sleeping          |       |       |     3 |       ||     3
  Eat: Chunk             |     1 |     4 |    16 |     3 ||    24
       Ration            |       |     2 |     2 |       ||     4
Armor: Robe              |     2 |    14 |    35 |     1 ||    52
Dodge: Dodged            |     5 |    70 |   165 |     9 ||   249
Block: Shield            |       |       |    13 |     7 ||    20
